 Dungeon Crawl Stone Soup version 0.31-a0-182-gc5ef74bbde (webtiles) character file.

Game seed: 15212377283873491017

746 qw the Shooter (level 7, -1/64 HPs)
             Began as a Naga Hunter on June 20, 2023.
             Slain by a gnoll
             ... wielding a +0 spear
             ... led by a gnoll bouda
              (5 damage)
             ... on level 4 of the Dungeon.
             The game lasted 00:01:21 (3224 turns).

qw the Shooter (Naga Hunter)                        Turns: 3224, Time: 00:01:22

Health: -1/64      AC:  3    Str: 14    XL:     7   Next: 77%
Magic:  7/7        EV: 10    Int:  9    God:
Gold:   18         SH:  0    Dex: 16    Spells: 6/6 levels left

rFire   . . .        Y - +0 shortbow
rCold   . . .        (shield currently unavailable)
rNeg    . . .        c - +0 leather armour
rPois   +            (no helmet)
rElec   .            (no cloak)
rCorr   .            (no gloves)
SInv    +            (no barding)
Will    .....        h - amulet of faith
Stlth   ++           i - +4 ring of slaying {mikee}
HPRegen 0.30/turn    (no ring)
MPRegen 0.10/turn

%: faith
@: about to teleport, short of breath, very slow
A: AC +2, large, see invisible, deformed body, poison resistance, slowness 2,
spit poison 1, naga tail 1
a: Spit Poison


You were on level 4 of the Dungeon.
You visited 1 branch of the dungeon, and saw 4 of its levels.
You also visited: Sewer.

You collected 139 gold pieces.
You spent 121 gold pieces at shops.


Innate Abilities, Weirdness & Mutations

Your serpentine skin is tough. (AC +2)
You have supernaturally acute eyesight. (SInv)
Armour fits poorly on your strangely shaped body.
Your system is resistant to poisons. (rPois)
You cover ground very slowly.
You can spit poison.
You have a snake-like lower body.


   Skills:
 - Level 4.0 Fighting
 + Level 7.7 Ranged Weapons
 - Level 2.0 Dodging
 - Level 1.5 Stealth


You had 6 spell levels left.
You didn't know any spells.
Your spell library was empty.

Inventory:

Hand Weapons
 Y - a +0 shortbow (weapon)
Armour
 c - a +0 leather armour (worn)
 p - the +5 ring mail "Etra" {-Tele Harm SInv Stlth-}
   (You found it on level 4 of the Dungeon)

   SInv:      It lets you see invisible.
   -Tele:     It prevents most forms of teleportation.
   Harm:      It increases damage dealt and taken.
   Stlth:     It makes you less stealthy.
 q - a +0 helmet
 r - a +0 cloak
Jewellery
 g - a ring of ice
 h - an amulet of faith (around neck)
 i - a +4 ring of slaying (left hand) {mikee}
 j - an amulet of the acrobat
Scrolls
 l - 2 scrolls of teleportation
Potions
 a - a potion of brilliance {unknown}
 b - 5 potions of curing
 d - a potion of attraction {unknown}
 e - a potion of might {unknown}
 f - a potion of lignification {unknown}
 k - 2 potions of enlightenment
 m - a potion of haste {unknown}
 n - 2 potions of cancellation {unknown}
 o - a potion of magic {unknown}

Dungeon Overview and Level Annotations

Branches:
Dungeon (4/15)              Sewer (visited)
 Temple: D:4-7

Altars:
Ru

Shops:
D:3 !


Message History

You shoot an arrow.
The arrow closely misses the gnoll bouda.
The gnoll is no longer moving quickly.
The gnoll hits you from afar with a +0 spear.
The gnoll bouda utters an invocation to its god.
The gnoll bouda is healed somewhat.
The gnoll hits you with a +0 club.
You shoot an arrow. The arrow hits the gnoll bouda.
The gnoll bouda is almost dead.
The gnoll closely misses you.
The gnoll bouda calls upon its god to heal the gnoll.
The gnoll's wounds heal themselves!
The gnoll barely misses you.
You shoot an arrow.
The arrow closely misses the gnoll bouda.
The gnoll hits you from afar with a +0 spear.
The gnoll bouda hits you with a +0 club!
The gnoll hits you with a +0 club.
You shoot an arrow. The arrow hits the gnoll bouda!
You kill the gnoll bouda!
You have got your breath back.
Your attacks no longer feel as feeble.
The gnoll hits you from afar with a +0 spear.
The gnoll barely misses you.
3221 ||| INVOKING Spit Poison.
Aiming: Spit Poison (1% risk of failure)
Press: ? - help, Shift-Dir - straight line, f - gnoll The splash of poison hits the gnoll.
The gnoll is lightly wounded.
The gnoll hits you from afar with a +0 spear.
The gnoll hits you with a +0 club.
3222 ||| READING 3 scrolls of teleportation.
As you read the scroll of teleportation, it crumbles to dust.
You feel strangely unstable. The gnoll barely misses you.
The gnoll hits you with a +0 club.
You shoot an arrow. The arrow closely misses the gnoll.
The gnoll is no longer moving quickly.
The gnoll barely misses you. The gnoll hits you with a +0 club.
You shoot an arrow. The arrow hits the gnoll.
The gnoll is moderately wounded.
The gnoll hits you from afar with a +0 spear.
You die...

### #.# ##.# ### #..#
###########.### ##..#
......).......######...#
................##.....#
......).............).##
.....g.@...........<.##
.......g.##..........#
......#######........###
###### ##..........
##......... #......... #
#......... .. # #######
###......... ..####.
#...#.########...........


You could see 2 gnolls.

Vanquished Creatures
  4 kobold brigands (Sewer)
  2 orc priests (D:4)
  A hound (D:4)
  A gnoll bouda (D:4)
  2 orc wizards (D:4)
  Robin (D:4)
  14 adders
  4 gnolls
  A river rat (Sewer)
  An ufetubus (D:3)
  3 worms (Sewer)
  3 dart slugs
  4 orcs
  6 endoplasms
  4 giant cockroaches
  6 hobgoblins
  4 jackals
  A quokka (D:1)
  8 ball pythons
  4 bats (D:3)
  5 frilled lizards
  13 goblins
  14 kobolds
  12 rats
118 creatures vanquished.

Notes
Turn   | Place    | Note
-------+----------+-------------------------------------------
     0 | D:1      | qw the Naga Hunter began the quest for the Orb.
     0 | D:1      | Reached XP level 1. HP: 19/19 MP: 1/1
     0 | D:1      | 0 ||| qw: Version: 0.3-a-9-g12657ce
     0 | D:1      | 0 ||| qw: Game counter: 1234
     0 | D:1      | 0 ||| qw: Always use a shield: true
     0 | D:1      | 0 ||| qw: God list: Okawaru
     0 | D:1      | 0 ||| qw: Allow faded altars: false
     0 | D:1      | 0 ||| qw: Do Orc after D:15 true
     0 | D:1      | 0 ||| qw: Do second Lair branch before Depths: true
     0 | D:1      | 0 ||| qw: Lair rune preference: random
     0 | D:1      | 0 ||| qw: Plans: Normal
     0 | D:1      | 0 ||| PLANNING D:1-11
    25 | D:1      | 25 ||| INVOKING Spit Poison.
    28 | D:1      | 28 ||| INVOKING Spit Poison.
    49 | D:1      | 49 ||| INVOKING Spit Poison.
    58 | D:1      | 58 ||| INVOKING Spit Poison.
    64 | D:1      | 64 ||| INVOKING Spit Poison.
    67 | D:1      | 67 ||| INVOKING Spit Poison.
   169 | D:1      | Reached skill level 4 in Ranged Weapons
   169 | D:1      | Reached XP level 2. HP: 26/26 MP: 2/2
   171 | D:1      | 171 ||| INVOKING Spit Poison.
   359 | D:1      | 359 ||| INVOKING Spit Poison.
   364 | D:1      | 364 ||| INVOKING Spit Poison.
   403 | D:1      | 403 ||| INVOKING Spit Poison.
   421 | D:1      | 421 ||| INVOKING Spit Poison.
   422 | D:1      | 422 ||| INVOKING Spit Poison.
   503 | D:1      | 503 ||| INVOKING Spit Poison.
   508 | D:1      | 508 ||| INVOKING Spit Poison.
   520 | D:1      | 520 ||| INVOKING Spit Poison.
   548 | D:1      | 548 ||| INVOKING Spit Poison.
   740 | D:1      | 740 ||| READING scroll labelled TETECAH KESIRGH.
   741 | D:1      | 741 ||| READING scroll labelled FIUVOCVU IGUEWK.
   742 | D:1      | 742 ||| READING scroll labelled SESCHA WIADA.
   743 | D:1      | 743 ||| DROPPING scroll of butterflies.
   757 | D:2      | 757 ||| INVOKING Spit Poison.
   758 | D:2      | 758 ||| STAIRDANCE
   760 | D:1      | HP: 6/26 [gnoll/+0 spear (5)]
   761 | D:1      | Reached XP level 3. HP: 7/32 MP: 3/3
   762 | D:1      | HP: 2/32 [gnoll/+0 spear (6)]
   763 | D:1      | 763 ||| INVOKING Spit Poison.
   885 | D:2      | 885 ||| INVOKING Spit Poison.
   887 | D:2      | 887 ||| STAIRDANCE
   889 | D:1      | 889 ||| INVOKING Spit Poison.
   989 | D:2      | 989 ||| INVOKING Spit Poison.
   994 | D:2      | 994 ||| INVOKING Spit Poison.
   996 | D:2      | Reached skill level 5 in Ranged Weapons
   996 | D:2      | Reached XP level 4. HP: 30/39 MP: 4/4
  1047 | D:2      | 1047 ||| INVOKING Spit Poison.
  1054 | D:2      | 1054 ||| INVOKING Spit Poison.
  1134 | D:2      | 1134 ||| INVOKING Spit Poison.
  1137 | D:2      | 1137 ||| INVOKING Spit Poison.
  1293 | D:2      | 1293 ||| INVOKING Spit Poison.
  1338 | D:2      | 1338 ||| FLEEEEING.
  1339 | D:2      | 1339 ||| FLEEEEING.
  1340 | D:2      | 1340 ||| FLEEEEING.
  1341 | D:2      | 1341 ||| FLEEEEING.
  1490 | D:2      | 1490 ||| INVOKING Spit Poison.
  1556 | D:2      | 1556 ||| UPGRADING to amulet of faith.
  1561 | D:2      | 1561 ||| UPGRADING to +4 ring of slaying {mikee}.
  1562 | D:2      | 1562 ||| READING scroll labelled SIACHE NOPT.
  1563 | D:2      | 1563 ||| READING scroll labelled QUG JOZUZA.
  1564 | D:2      | 1564 ||| READING scroll labelled SUAHOU HEUHY.
  1574 | D:3      | 1574 ||| PLANNING SEWER
  1576 | D:3      | Reached skill level 3 in Fighting
  1581 | D:3      | 1581 ||| INVOKING Spit Poison.
  1607 | D:3      | Reached XP level 5. HP: 49/49 MP: 5/5
  1610 | D:3      | 1610 ||| INVOKING Spit Poison.
  1621 | D:3      | 1621 ||| INVOKING Spit Poison.
  1637 | D:3      | 1637 ||| INVOKING Spit Poison.
  1642 | D:3      | 1642 ||| INVOKING Spit Poison.
  1656 | D:3      | 1656 ||| INVOKING Spit Poison.
  1671 | D:3      | 1671 ||| INVOKING Spit Poison.
  1780 | D:3      | 1780 ||| INVOKING Spit Poison.
  1859 | D:3      | 1859 ||| INVOKING Spit Poison.
  1898 | D:3      | Found Gixtafuc's Distillery.
  1903 | D:3      | 1903 ||| BUYING 2 potions of curing (66 gold).
  1903 | D:3      | Bought 2 potions of curing for 66 gold pieces
  1903 | D:3      | 1903 ||| SHOPLISTING potion of cancellation (88 gold, have
                  | 58).
  1903 | D:3      | 1903 ||| BUYING potion of enlightenment (55 gold).
  1903 | D:3      | Bought a potion of enlightenment for 55 gold pieces
  1903 | D:3      | 1903 ||| SHOPLISTING potion of might (44 gold, have 3).
  1924 | D:3      | 1924 ||| INVOKING Spit Poison.
  1926 | D:3      | Found a glowing drain.
  1930 | D:3      | 1930 ||| INVOKING Spit Poison.
  1933 | D:3      | 1933 ||| INVOKING Spit Poison.
  1942 | Sewer    | Entered a sewer
  1980 | Sewer    | 1980 ||| INVOKING Spit Poison.
  2026 | Sewer    | 2026 ||| INVOKING Spit Poison.
  2029 | Sewer    | 2029 ||| INVOKING Spit Poison.
  2047 | Sewer    | Noticed a kobold brigand
  2049 | Sewer    | 2049 ||| INVOKING Spit Poison.
  2053 | Sewer    | 2053 ||| INVOKING Spit Poison.
  2058 | Sewer    | 2058 ||| INVOKING Spit Poison.
  2064 | Sewer    | 2064 ||| INVOKING Spit Poison.
  2066 | Sewer    | Killed a kobold brigand
  2067 | Sewer    | Reached skill level 6 in Ranged Weapons
  2067 | Sewer    | Reached XP level 6. HP: 42/56 MP: 6/6
  2150 | Sewer    | 2150 ||| INVOKING Spit Poison.
  2167 | Sewer    | 2167 ||| INVOKING Spit Poison.
  2171 | Sewer    | 2171 ||| INVOKING Spit Poison.
  2246 | Sewer    | 2246 ||| INVOKING Spit Poison.
  2252 | Sewer    | 2252 ||| INVOKING Spit Poison.
  2276 | Sewer    | 2276 ||| INVOKING Spit Poison.
  2313 | Sewer    | 2313 ||| INVOKING Spit Poison.
  2332 | Sewer    | 2332 ||| INVOKING Spit Poison.
  2339 | Sewer    | 2339 ||| INVOKING Spit Poison.
  2447 | Sewer    | 2447 ||| INVOKING Spit Poison.
  2542 | Sewer    | 2542 ||| INVOKING Spit Poison.
  2543 | Sewer    | Reached XP level 7. HP: 64/64 MP: 7/7
  2582 | Sewer    | 2582 ||| INVOKING Spit Poison.
  2589 | Sewer    | 2589 ||| INVOKING Spit Poison.
  2637 | Sewer    | 2637 ||| INVOKING Spit Poison.
  2644 | Sewer    | 2644 ||| INVOKING Spit Poison.
  2645 | Sewer    | Reached skill level 7 in Ranged Weapons
  2689 | D:3      | 2689 ||| PLANNING D:1-11
  2861 | D:4      | 2861 ||| INVOKING Spit Poison.
  2868 | D:4      | 2868 ||| INVOKING Spit Poison.
  2893 | D:4      | Identified the +5 ring mail "Etra" {-Tele Harm SInv Stlth-}
  2897 | D:4      | Found a sacrificial altar of Ru.
  2898 | D:4      | 2898 ||| Stepping ~*~*~tactically~*~*~ (outnumbered).
  2900 | D:4      | 2900 ||| INVOKING Spit Poison.
  2905 | D:4      | 2905 ||| INVOKING Spit Poison.
  2909 | D:4      | 2909 ||| INVOKING Spit Poison.
  2932 | D:4      | Noticed Robin
  2934 | D:4      | 2934 ||| INVOKING Spit Poison.
  2938 | D:4      | 2938 ||| INVOKING Spit Poison.
  2945 | D:4      | 2945 ||| INVOKING Spit Poison.
  2951 | D:4      | 2951 ||| INVOKING Spit Poison.
  2955 | D:4      | 2955 ||| INVOKING Spit Poison.
  2955 | D:4      | Killed Robin
  3087 | D:4      | 3087 ||| Stepping ~*~*~tactically~*~*~ (outnumbered).
  3089 | D:4      | 3089 ||| INVOKING Spit Poison.
  3092 | D:4      | 3092 ||| Stepping ~*~*~tactically~*~*~ (outnumbered).
  3093 | D:4      | 3093 ||| INVOKING Spit Poison.
  3099 | D:4      | 3099 ||| INVOKING Spit Poison.
  3202 | D:4      | 3202 ||| INVOKING Spit Poison.
  3208 | D:4      | 3208 ||| INVOKING Spit Poison.
  3215 | D:4      | 3215 ||| INVOKING Spit Poison.
  3221 | D:4      | 3221 ||| INVOKING Spit Poison.
  3221 | D:4      | HP: 15/64 [gnoll/+0 spear[a gnoll bouda] (4)]
  3222 | D:4      | 3222 ||| READING 3 scrolls of teleportation.
  3222 | D:4      | HP: 7/64 [gnoll/+0 club[a gnoll bouda] (3)]
  3223 | D:4      | HP: 3/64 [gnoll/+0 club[a gnoll bouda] (4)]
  3224 | D:4      | Slain by a gnoll

Levels and vault maps discovered:
D:1:      psy_arrival_conway, layout_basic, minivault_4
D:2:      layout_loops_cross
D:3:      layout_rooms, serial_shops, nicolae_shop_hallway_stairs,
          serial_rivers, chequers_serial_rivers_micro_c,
          chequers_serial_rivers_room_a, chequers_serial_rivers_micro_e,
          chequers_serial_rivers_small_3, portal_sewer_entry_a,
          minmay_checkerbox
D:4:      layout_layer_cave, nicolae_dithmenos_through_a_glass_darkly,
          nicolae_ru_great_annihilating_truth,
          minmay_temple_entry_drinking_statues, uniq_robin, uniq_eustachio,
          uniq_edmund

Skill      XL: |  1  2  3  4  5  6  7 |
---------------+----------------------+-----
Ranged Weapons | 4 5 6 7 |  7.7
Fighting       | 3 4 |  4.0
Dodging        | 2 |  2.0
Stealth        | |  1.5

Action                     |  1- 3 |  4- 6 |  7- 9 || total
---------------------------+-------+-------+-------++-------
   Fire: Shortbow          |    54 |   114 |    81 ||   249
Ability: Spit Poison       |    21 |    36 |    21 ||    78
    Use: Scroll            |     3 |     3 |     1 ||     7
 Armour: Leather armour    |     7 |     5 |    18 ||    30
  Dodge: Dodged            |    10 |    24 |    40 ||    74

Table legend:
 A = Non-vault XP
 B = Vault XP
 C = Vault XP percentage of total XP
 D = Non-vault monster count
 E = Vault monster count
 F = Vault count percentage of total count
                 A         B        C        D         E       F
            +---------+---------+-------+---------+---------+-------
      Total |     425 |     642 |  60.2 |      65 |      53 |  44.9
            +---------+---------+-------+---------+---------+-------
        D:1 |      76 |       0 |   0.0 |      25 |       0 |   0.0
        D:2 |      71 |       0 |   0.0 |      15 |       0 |   0.0
        D:3 |      36 |      33 |  47.8 |      13 |       9 |  40.9
        D:4 |     242 |      87 |  26.4 |      12 |      16 |  57.1
      Sewer |       0 |     522 | 100.0 |       0 |      28 | 100.0
            +---------+---------+-------+---------+---------+-------
